 Dungeon Crawl Stone Soup version 0.24-a0-784-g601f8f6d22 (webtiles) character file.

Game seed: 16336888576426613778, levelgen mode: deterministic

616106 HumanIsDead the Executioner (level 27, -15/346 HPs)
             Began as a Human Gladiator on Oct 6, 2019.
             Was the Champion of Trog.
             Demolished by a golden dragon (28 damage)
             ... on level 2 of the Realm of Zot on Oct 9, 2019.
             The game lasted 06:24:19 (80857 turns).

HumanIsDead the Executioner (Human Gladiator)      Turns: 80857, Time: 06:24:20

Health: -15/346    AC: 34    Str: 27    XL:     27
Magic:  27/27      EV: 24    Int: 10    God:    Trog [******]
Gold:   5407       SH:  0    Dex: 16    Spells: 26/26 levels left

rFire    + + +     SeeInvis .   a - +9 executioner's axe (chop)
rCold    + + .     Gourm    .   (shield currently unavailable)
rNeg     + + .     Faith    .   d - +7 pearl dragon scales
rPois    +         Spirit   .   u - -2 hat of the Alchemist {rElec rPois rF+ rC+ rN+ MR+ rMut rCorr}
rElec    +         Reflect  .   O - +4 cloak of Cumaow {rF++}
rCorr    +         Harm     .   M - +0 pair of gloves of Minor Irritation {rC+ Regen+ Str-3} (curse)
rMut     +                      G - +0 pair of boots {run}
MR       ++++.                  h - amulet of regeneration
Stlth    ..........             Y - ring of protection from magic
HPRegen  1.47/turn              q - +3 ring of slaying
MPRegen  0.20/turn

@: berserking, slowed, quick
A: low mp 1
}: 4/15 runes: decaying, slimy, silver, gossamer
a: Berserk, Trog's Hand, Brothers in Arms, Renounce Religion


You were on level 2 of the Realm of Zot.
You worshipped Trog.
Trog was exalted by your worship.
You were near starving.

You visited 11 branches of the dungeon, and saw 52 of its levels.
You also visited: Trove and Volcano.

You collected 6807 gold pieces.
You spent 1400 gold pieces at shops.

Inventory:

Hand Weapons
 a - a +9 executioner's axe of chopping (weapon)
Missiles
 E - a throwing net (quivered)
Armour
 d - +7 pearl dragon scales (worn)
 u - the -2 hat of the Alchemist (worn) {rElec rPois rF+ rC+ rN+ MR+ rMut rCorr}
   (You found it on level 14 of the Dungeon)

   It protects you from fire.
   It protects you from cold.
   It insulates you from electricity.
   It protects you from poison.
   It protects you from negative energy.
   It affects your resistance to hostile enchantments.
   It provides partial protection from all sources of acid and corrosion.
   It protects you from mutation.
 G - a +0 pair of boots of running (worn)
 M - the cursed +0 pair of gloves of Minor Irritation (worn) {rC+ Regen+ Str-3}
   (You found it on level 10 of the Dungeon)

   It affects your strength (-3).
   It protects you from cold.
   It increases your rate of regeneration.
   It has a curse placed upon it.
 O - the +4 cloak of Cumaow (worn) {rF++}
   (You found it on level 3 of the Elven Halls)

   It greatly protects you from fire.
Jewellery
 b - the ring of Sitedaz {rN+++ MP+9 Str+7 Dex-3 Stlth-}
   (You found it on level 2 of the Depths)

   [ring of magical power]

   It affects your strength (+7).
   It affects your dexterity (-3).
   It renders you almost immune to negative energy.
   It affects your magic capacity (+9).
   It makes you less stealthy.
 h - an amulet of regeneration (around neck)
 p - an uncursed ring of protection from fire
 q - a +3 ring of slaying (right hand)
 H - an uncursed ring of protection from cold
 S - an uncursed ring of protection from magic
 V - an uncursed ring of see invisible
 Y - a ring of protection from magic (left hand)
Wands
 g - a wand of clouds (13)
 m - a wand of scattershot (9)
 o - a wand of paralysis (28)
 y - a wand of enslavement (23)
 I - a wand of acid (42)
 W - a wand of disintegration (29)
Scrolls
 j - 6 scrolls of fear
 r - 20 scrolls of remove curse
 v - 9 scrolls of fog
 D - 3 scrolls of noise
 J - a scroll of silence
 L - 10 scrolls of magic mapping
 N - 5 scrolls of summoning
 P - 16 scrolls of teleportation
 T - 5 scrolls of immolation
 U - 3 scrolls of enchant weapon
Potions
 c - 7 potions of invisibility
 i - 15 potions of haste
 n - 11 potions of mutation
 s - 3 potions of might
 t - 4 potions of resistance
 x - 4 potions of cancellation
 z - 12 potions of agility
 B - 4 potions of lignification
 F - 12 potions of flight
 K - 14 potions of heal wounds
Miscellaneous
 e - a lightning rod (4/4)
 k - a phantom mirror
 l - a lamp of fire
 R - a fan of gales
 X - a phial of floods
 Z - 5 boxes of beasts
Comestibles
 f - 69 rations


   Skills:
 - Level 22.0 Fighting
 + Level 26.9 Axes
 - Level 2.0 Throwing
 - Level 20.4 Armour
 - Level 20.0 Dodging
 - Level 10.0 Evocations


You had 26 spell levels left.
You didn't know any spells.
Your spell library contained the following spells:

 Spells                   Type           Power        Failure   Level  Hunger
 Animate Skeleton         Necr           N/A          54%         1    ##.....
 Apportation              Tloc           #.....       54%         1    ##.....
 Beastly Appendage        Tmut           #.....       54%         1    ##.....
 Confusing Touch          Hex            #.....       54%         1    ##.....
 Corona                   Hex            #......      54%         1    ##.....
 Flame Tongue             Conj/Fire      #....        54%         1    ##.....
 Freeze                   Ice            #...         54%         1    ##.....
 Magic Dart               Conj           #...         54%         1    ##.....
 Pain                     Necr           #...         54%         1    ##.....
 Sandblast                Erth           #.....       54%         1    ##.....
 Shock                    Conj/Air       #...         54%         1    ##.....
 Sting                    Conj/Pois      #...         54%         1    ##.....
 Summon Butterflies       Summ           #.......     54%         1    ##.....
 Summon Small Mammal      Summ           #...         54%         1    ##.....
 Blink                    Tloc           N/A          69%         2    ###....
 Call Imp                 Summ           #.......     69%         2    ###....
 Corpse Rot               Necr           N/A          69%         2    ###....
 Passwall                 Tmut/Erth      #.......     69%         2    ###....
 Poisonous Vapours        Pois/Air       #.....       69%         2    ###....
 Searing Ray              Conj           #.....       69%         2    ###....
 Slow                     Hex            #.......     69%         2    ###....
 Sticks to Snakes         Tmut           #.......     69%         2    ###....
 Sublimation of Blood     Necr           #.........   69%         2    ###....
 Swiftness                Chrm/Air       #.......     69%         2    ###....
 Throw Flame              Conj/Fire      #.....       69%         2    ###....
 Throw Frost              Conj/Ice       #.....       69%         2    ###....
 Call Canine Familiar     Summ           #.......     89%         3    ####...
 Confuse                  Hex            #.......     89%         3    ####...
 Conjure Flame            Conj/Fire      #.......     89%         3    ####...
 Dazzling Spray           Conj/Hex       #.....       89%         3    ####...
 Ignite Poison            Fire/Tmut/Pois #.......     89%         3    ####...
 Inner Flame              Hex/Fire       #.......     89%         3    ####...
 Mephitic Cloud           Conj/Pois/Air  #.......     89%         3    ####...
 Ozocubu's Armour         Chrm/Ice       #.......     89%         3    ####...
 Portal Projectile        Hex/Tloc       #.....       89%         3    ####...
 Recall                   Summ/Tloc      N/A          89%         3    ####...
 Regeneration             Chrm/Necr      #.........   89%         3    ####...
 Spider Form              Tmut/Pois      #.........   89%         3    ####...
 Static Discharge         Conj/Air       #.......     89%         3    ####...
 Stone Arrow              Conj/Erth      #.....       89%         3    ####...
 Summon Guardian Golem    Hex/Summ       #.......     89%         3    ####...
 Teleport Other           Tloc           #.......     89%         3    ####...
 Vampiric Draining        Necr           #.........   89%         3    ####...
 Airstrike                Air            #.........   100%        4    #####..
 Animate Dead             Necr           N/A          100%        4    #####..
 Cause Fear               Hex            #.........   100%        4    #####..
 Force Lance              Conj/Tloc      #.......     100%        4    #####..
 Fulminant Prism          Conj/Hex       #.........   100%        4    #####..
 Iskenderun's Mystic Bla  Conj           #.......     100%        4    #####..
 Leda's Liquefaction      Hex/Erth       #.........   100%        4    #####..
 Passage of Golubria      Tloc           N/A          100%        4    #####..
 Petrify                  Tmut/Erth      #.......     100%        4    #####..
 Sticky Flame             Conj/Fire      #.......     100%        4    #####..
 Summon Ice Beast         Ice/Summ       #.......     100%        4    #####..
 Summon Lightning Spire   Summ/Air       #.......     100%        4    #####..
 Throw Icicle             Conj/Ice       #.......     100%        4    #####..
 Agony                    Necr           #.......     100%        5    ######.
 Alistair's Intoxication  Tmut/Pois      #.......     100%        5    ######.
 Bolt of Draining         Conj/Necr      #.........   100%        5    ######.
 Bolt of Magma            Conj/Fire/Erth #.........   100%        5    ######.
 Borgnjor's Vile Clutch   Necr/Erth      #.........   100%        5    ######.
 Dispel Undead            Necr           #.......     100%        5    ######.
 Excruciating Wounds      Chrm/Necr      #.........   100%        5    ######.
 Fireball                 Conj/Fire      #.........   100%        5    ######.
 Irradiate                Conj/Tmut      #.........   100%        5    ######.
 Iskenderun's Battlesphe  Conj/Chrm      #.......     100%        5    ######.
 Lee's Rapid Deconstruct  Erth           #.........   100%        5    ######.
 Lightning Bolt           Conj/Air       #.........   100%        5    ######.
 Silence                  Hex/Air        #.........   100%        5    ######.
 Summon Forest            Summ/Tloc      #.........   100%        5    ######.
 Venom Bolt               Conj/Pois      #.........   100%        5    ######.
 Yara's Violent Unravell  Hex/Tmut       #.........   100%        5    ######.
 Conjure Ball Lightning   Conj/Air       #.........   100%        6    #######
 Darkness                 Hex            #.........   100%        6    #######
 Death Channel            Necr           #.........   100%        6    #######
 Deflect Missiles         Chrm/Air       #.........   100%        6    #######
 Dispersal                Tloc           #.........   100%        6    #######
 Freezing Cloud           Conj/Ice/Air   #.........   100%        6    #######
 Hydra Form               Tmut           #.........   100%        6    #######
 Invisibility             Hex            #.......     100%        6    #######
 Iron Shot                Conj/Erth      #.........   100%        6    #######
 Shadow Creatures         Summ           N/A          100%        6    #######
 Simulacrum               Ice/Necr       #.........   100%        6    #######
 Statue Form              Tmut/Erth      #........    100%        6    #######
 Dragon Form              Tmut           #.........   100%        7    #######
 Malign Gateway           Summ/Tloc      #.........   100%        7    #######
 Monstrous Menagerie      Summ           #.........   100%        7    #######
 Orb of Destruction       Conj           #.........   100%        7    #######
 Spellforged Servitor     Conj/Summ      #.........   100%        7    #######
 Summon Greater Demon     Summ           #.........   100%        7    #######
 Discord                  Hex            #.........   100%        8    #######
 Summon Horrible Things   Summ           #.........   100%        8    #######
 Shatter                  Erth           #.........   100%        9    #######
 Tornado                  Air            #.........   100%        9    #######


Dungeon Overview and Level Annotations

Branches:
Dungeon (15/15)            Temple (1/1) D:6            Lair (6/6) D:10
  Swamp (4/4) Lair:2       Spider (4/4) Lair:2        Slime (5/5) Lair:5
    Orc (2/2) D:12            Elf (3/3) Orc:2        Vaults (5/5) D:14
  Crypt (0/3) Vaults:3     Depths (5/5) D:15            Zot (2/5) Depths:5
Volcano (visited)

Altars:
Ashenzari
Cheibriados
Dithmenos
Elyvilon
Fedhas
Gozag
Hepliaklqana
Kikubaaqudgha
Makhleb
Nemelex Xobeh
Okawaru
Qazlal
Ru
Sif Muna
Trog
Uskayaw
Vehumet
Wu Jian
Xom
Yredelemnul
Zin
The Shining One
Beogh
Jiyva

Shops:
D:7 (   D:10 !(   Orc:1 *   Orc:2 [%}?*   Vaults:5 (!   Depths:1 :   Depths:3 ?
Depths:4 %

Portals:
Hell: Lair:6 Depths:1 Depths:2 Depths:3 Depths:4 Depths:5
Abyss: Depths:4
Pandemonium: Depths:3
Ziggurat: Depths:2

Annotations:
D:4 1 runed translucent door, exclusion: statue, Crazy Yiuf
D:12 3 runed translucent doors, Daenkoptet's ghost, journeyman MfSu


Innate Abilities, Weirdness & Mutations

Your magical capacity is low. (-10% MP)


Message History

You barely miss the golden dragon.
The golden dragon is moderately wounded.
You slice the green draconian!! You slice the yellow draconian!!
You barely miss the red draconian.
The black draconian shifter looks more healthy.
The yellow draconian misses you.
The black draconian shifter blinks!
The red draconian completely misses you.
The golden dragon completely misses you.
The golden dragon claws you!
* * * LOW HITPOINT WARNING * * *
The golden dragon closely misses you.
You slash the golden dragon!
The golden dragon is heavily wounded.
You barely miss the red draconian. You slash the yellow draconian!
You slice the green draconian!!
The green draconian hits you but does no damage.
The green draconian tail-slaps you.
* * * LOW HITPOINT WARNING * * *
The golden dragon bites you!!
You die...

....##..8..# ...
..8?.#.....#..8.
.....#.....#....
#(^....§8.......
#.§...........#
#..8..<..8..#
##...z.....##
##.dD8...##
##d@dD.##
###+###


You could see a golden dragon (berserk), a storm dragon (berserk), a yellow
draconian (berserk), a green draconian (berserk), a red draconian (berserk) and
a death cob.

Vanquished Creatures
  the Royal Jelly (Slime:5)
  2 ancient liches (Vaults:4)
  Mara (Swamp:3)
  2 juggernauts (Depths:4)
  Sojobo (Vaults:4)
  Bai Suzhen (Spider:3)
  the Lernaean hydra (Swamp:4)
  5 golden dragons
  Arachne (Spider:1)
  An electric golem (Zot:1)
  6 tentacled monstrosities
  Jorgrun (Spider:2)
  6 titans
  Asterion (Vaults:1)
  5 liches
  A deep elf master archer (Elf:3)
  An ancient champion (Vaults:3)
  3 quicksilver dragons
  21 acid blobs
  5 sphinxes
  Frances (D:14)
  3 deep elf blademasters
  A death cob (Zot:1)
  Gastronok (D:8)
  9 shadow dragons
  9 tengu reavers
  A draconian monk (Zot:1)
  7 storm dragons
  11 azure jellies
  12 fire giants
  14 frost giants
  An iron dragon (Depths:5)
  5 deep elf sorcerers
  An orc warlord (Vaults:3)
  Roxanne (Elf:2)
  7 ghost moths
  A draconian knight (Zot:1)
  Aizul (Depths:2)
  13 vault wardens
  2 spriggan defenders (Depths:5)
  A draconian shifter (Depths:5)
  An emperor scorpion (Spider:4)
  A curse skull (Vaults:3)
  A war gargoyle (Vaults:4)
  26 ironheart preservers
  5 deep elf elementalists
  A draconian annihilator (Zot:1)
  27 very ugly things
  21 stone giants
  A draconian stormcaller (Zot:1)
  Nessos (D:12)
  9 deep elf demonologists
  4 black draconians
  6 entropy weavers
  2 vampire knights (Depths:5)
  A purple draconian (Zot:1)
  Azrael (D:14)
  6 deep elf annihilators
  2 green draconians
  A dire elephant (Lair:6)
  2 white draconians
  6 yellow draconians
  12 spark wasps
  A red draconian (Zot:1)
  An eidolon (Vaults:3)
  16 ettins
  6 death oozes (Slime:5)
  14 fire dragons
  4 merfolk javelineers
  11 crystal guardians (Depths:2)
  9 deep elf death magi
  21 ogre magi
  12 great orbs of eyes
  2 jiangshi (Depths:1)
  A blizzard demon (Depths:3)
  12 yaktaur captains
  7 deep elf high priests
  Harold (D:6)
  13 ice dragons
  8 rakshasas
  A hell beast (Lair:6)
  20 hydras
  6 ghost crabs (Swamp:3)
  5 spriggan air magi
  A large abomination (Elf:3)
  45 vault guards
  2 shambling mangroves
  A death knight (Vaults:4)
  9 alligators
  10 deep troll shamans
  9 centaur warriors
  A queen ant (shapeshifter) (Vaults:5)
  52 two-headed ogres
  7 tengu warriors
  32 dancing weapons
  2 death yaks
  12 deep troll earth magi
  6 orc high priests
  4 vampire magi
  3 spriggan berserkers
  A fire crab (shapeshifter) (Vaults:4)
  2 skeletal warriors
  26 deep elf knights
  A sixfirhy (Depths:3)
  An iron troll (shapeshifter) (Depths:4)
  11 hell knights
  A sun demon (Depths:3)
  3 iron trolls
  A salamander mystic (Volcano)
  3 flayed ghosts
  A spark wasp zombie (Depths:3)
  2 spriggan druids (Swamp:3)
  The ghost of terminal the Cutter, a novice OpAs of Okawaru (D:7)
  11 wizards
  A death drake (shapeshifter) (Depths:3)
  26 deep trolls
  An unseen horror (D:14)
  4 swamp dragons
  Pikel (D:5)
  33 deep elf archers
  5 glowing orange brains
  An orange crystal statue (Depths:2)
  13 ironbrand convokers
  2 obsidian statues (Depths:3)
  An infernal demonspawn (Depths:3)
  7 phantasmal warriors
  A tengu zombie (Depths:3)
  26 orc knights
  4 lindwurms (D:15)
  A tengu skeleton (Depths:3)
  20 orb spiders
  10 necromancers
  2 salamanders (shapeshifter)
  7 orc sorcerers
  A harpy (Vaults:4)
  3 shining eyes
  A stone giant zombie (Vaults:4)
  28 wolf spiders
  6 cyclopes
  51 ugly things
  76 deep elf magi
  4 salamanders (Volcano)
  2 frost giant zombies (Vaults:4)
  2 moths of wrath
  5 elephants (Lair:6)
  A stone giant skeleton (Vaults:3)
  3 smoke demons
  Joseph (D:8)
  4 centaur zombies
  An eye of devastation (shapeshifter) (Depths:5)
  6 black mambas
  4 apocalypse crabs (Swamp:3)
  A naga mage (D:15)
  3 rust devils (Depths:3)
  Psyche (D:10)
  2 gargoyles
  4 torpor snails
  6 orange demons
  11 vault sentinels
  A water nymph (shapeshifter) (Depths:4)
  A molten gargoyle (Volcano)
  2 spiny frogs (shapeshifter)
  4 human zombies
  11 spiny frogs
  2 yaktaurs (shapeshifter)
  3 komodo dragons (Lair:6)
  3 rime drakes
  6 freezing wraiths
  4 ice devils
  A komodo dragon (shapeshifter) (Vaults:3)
  28 yaktaurs
  A hellwing (Depths:3)
  7 demonic crawlers
  2 tengu conjurers
  A polar bear (shapeshifter) (Depths:2)
  4 red devils
  3 meliai (Spider:3)
  A queen bee (Spider:3)
  A queen bee (shapeshifter) (Vaults:1)
  A tengu simulacrum (Vaults:4)
  A wind drake (shapeshifter) (Vaults:4)
  8 trolls
  28 jumping spiders
  9 tyrant leeches
  21 hornets
  A sphinx simulacrum (Vaults:2)
  A polar bear (Lair:4)
  Prince Ribbit (D:8)
  13 blink frogs
  122 slime creatures
  9 dream sheep (Lair:5)
  10 bog bodies
  A dream sheep (shapeshifter) (Elf:1)
  4 hippogriffs
  3 air elementals
  64 redbacks
  3 shadows
  6 spriggans
  A wraith (Vaults:4)
  2 fire bats (Volcano)
  26 tarantellas
  3 wyverns
  A ynoxinul (Depths:3)
  19 humans
  3 hogs (D:8)
  11 water elementals
  2 hungry ghosts
  27 yaks
  6 fire elementals
  A chaos spawn (Depths:3)
  A neqoxec (Depths:3)
  2 basilisks
  2 golden eyes (Slime:1)
  14 vampire mosquitoes
  Grum (D:10)
  Edmund (D:3)
  Menkaure (D:7)
  A steam dragon (D:12)
  12 insubstantial wisps (Swamp:2)
  6 wargs
  A soldier ant (shapeshifter) (Elf:2)
  4 swamp worms
  2 soldier ants
  11 water moccasins
  6 hell hounds
  Duvessa (D:7)
  7 swamp drakes
  An acid dragon (Vaults:2)
  59 orc warriors
  9 porcupines
  A slave (D:6)
  3 eyes of draining (Slime:5)
  6 sky beasts
  5 ice beasts
  An elf simulacrum (Depths:3)
  2 elephant zombies (Lair:4)
  6 necrophages (D:11)
  A sky beast (shapeshifter) (Depths:1)
  56 ogres
  8 wolves
  12 boggarts
  27 centaurs
  11 crocodiles
  2 small abominations (Vaults:4)
  2 elf skeletons (Vaults:3)
  A big kobold (shapeshifter) (Vaults:5)
  A big kobold (D:10)
  18 bullfrogs
  Blork the orc (D:6)
  5 earth elementals
  2 gnoll sergeants (D:6)
  2 human skeletons
  Dowan (D:7)
  A wyvern skeleton (D:11)
  3 scorpions
  19 killer bees
  5 wights (D:12)
  2 howler monkeys
  3 electric eels
  7 crimson imps
  3 lava snakes (Volcano)
  A bullfrog zombie (D:9)
  A quasit (D:9)
  A gnoll shaman (D:7)
  35 orc priests
  6 centaur skeletons
  7 hounds
  3 jellies
  34 orc wizards
  Ijyb (D:4)
  Jessica (D:2)
  3 bullfrog skeletons
  13 worker ants
  A killer bee zombie (D:6)
  2 crocodile zombies (Lair:4)
  A hound zombie (D:7)
  A spectral worker ant (D:7)
  A hound skeleton (D:8)
  4 gnolls (D:7)
  8 adders
  A river rat (Lair:2)
  5 shadow imps
  A worker ant simulacrum (D:7)
  4 oozes
  3 adder skeletons
  4 dart slugs
  3 worms
  3 leopard geckos
  105 orcs
  A ball python (D:5)
  11 bats
  4 giant cockroaches
  4 goblins
  12 hobgoblins
  7 jackals
  14 kobolds
  5 quokkas
  2 frilled lizards
  2 gnoll zombies (D:8)
  A leopard gecko zombie (D:5)
  8 rats
  2 bushes (D:11)
  5 crawling corpses (Elf:3)
  3 fungi
  6 plants
2323 creatures vanquished.

Vanquished Creatures (collateral kills)
  A thorn hunter (Swamp:3)
  A stone giant (Depths:1)
  A deep elf annihilator (Vaults:2)
  A yaktaur captain (Depths:1)
  3 hydras (Swamp:3)
  A shambling mangrove (Swamp:1)
  An alligator (Swamp:3)
  A shock serpent (shapeshifter) (Vaults:2)
  An ironbrand convoker (Vaults:2)
  A deep elf archer (Vaults:2)
  A manticore (D:15)
  3 cyclopes
  An ugly thing (Depths:1)
  A vault sentinel (Vaults:2)
  3 spiny frogs (Swamp:3)
  2 tyrant leeches (Swamp:3)
  3 hornets (Swamp:1)
  2 bog bodies (Swamp:3)
  2 slime creatures (Swamp:3)
  3 vampire mosquitoes (D:15)
  2 swamp worms
  A shadow imp (D:15)
36 creatures vanquished.

Vanquished Creatures (others)
  A sphinx (Depths:4)
  A frost giant (Depths:5)
  An orb spider (Spider:1)
  2 deep elf magi
  A demonic crawler (Spider:1)
  A hornet (Spider:3)
  A blink frog (shapeshifter) (Depths:3)
  An ettin zombie (Depths:3)
  A spriggan (Swamp:1)
  2 tarantellas (Spider:1)
  A slave (D:6)
  2 boggarts (Vaults:3)
  A centaur (D:13)
  A crimson imp (Depths:4)
  An orc (Vaults:5)
  10 fungi
  6 plants
34 creatures vanquished.

Grand Total: 2393 creatures vanquished

Notes
Turn   | Place    | Note
-------+----------+-------------------------------------------
     0 | D:1      | HumanIsDead the Human Gladiator began the quest for the
                  | Orb.
     0 | D:1      | Reached XP level 1. HP: 16/16 MP: 1/1
    62 | D:1      | Reached XP level 2. HP: 19/22 MP: 2/2
   275 | D:1      | Reached skill level 4 in Axes
   275 | D:1      | Reached XP level 3. HP: 21/27 MP: 3/3
   877 | D:2      | Reached XP level 4. HP: 25/33 MP: 4/4
  1343 | D:2      | Noticed Jessica
  1351 | D:2      | Killed Jessica
  1351 | D:2      | Reached skill level 5 in Axes
  1435 | D:3      | Found a shimmering altar of Xom.
  1443 | D:3      | Found a snail-covered altar of Cheibriados.
  1454 | D:3      | Reached XP level 5. HP: 36/38 MP: 5/5
  2365 | D:4      | Noticed Edmund
  2390 | D:3      | Killed Edmund
  2390 | D:3      | Reached skill level 6 in Axes
  2390 | D:3      | Reached XP level 6. HP: 34/44 MP: 6/6
  2492 | D:4      | Noticed an ogre
  2567 | D:4      | Killed an ogre
  2567 | D:4      | Reached skill level 7 in Axes
  2567 | D:4      | Reached XP level 7. HP: 22/50 MP: 7/7
  2793 | D:4      | Found a radiant altar of Vehumet.
  2837 | D:4      | Reached skill level 8 in Axes
  2916 | D:4      | Noticed Ijyb
  2939 | D:4      | Killed Ijyb
  3169 | D:4      | Reached XP level 8. HP: 49/56 MP: 8/8
  3214 | D:4      | Found a shimmering blue altar of Sif Muna.
  3232 | D:4      | Reached skill level 9 in Axes
  3408 | D:4      | Found a runed translucent door.
  3409 | D:4      | Noticed Crazy Yiuf
  3589 | D:5      | Entered Level 5 of the Dungeon
  4235 | D:4      | Reached skill level 10 in Axes
  4854 | D:5      | Found an ornate altar of the Wu Jian Council.
  5059 | D:5      | Reached XP level 9. HP: 50/61 MP: 9/9
  5484 | D:6      | Reached skill level 11 in Axes
  6137 | D:6      | Found a shadowy altar of Dithmenos.
  6314 | D:6      | Found a staircase to the Ecumenical Temple.
  6392 | Temple   | Entered the Ecumenical Temple
  6399 | Temple   | Became a worshipper of Trog the Wrathful
  6433 | D:6      | Reached skill level 12 in Axes
  6434 | D:6      | Upgraded the game from 0.24-a0-769-g368c1644f8 to
                  | 0.24-a0-778-g74da537585
  6527 | D:6      | Noticed Pikel
  6575 | D:5      | Killed Pikel
  6907 | D:6      | Noticed Blork the orc
  6927 | D:6      | Killed Blork the orc
  7199 | D:6      | Reached XP level 10. HP: 44/67 MP: 10/10
  7476 | D:7      | Reached skill level 13 in Axes
  7521 | D:7      | Noticed Harold
  8017 | D:6      | Killed Harold
  8205 | D:7      | Found Dawkis's Weapon Boutique.
  8212 | D:7      | Reached skill level 14 in Axes
  8678 | D:7      | Noticed Menkaure
  8688 | D:7      | Killed Menkaure
  8937 | D:7      | Noticed Dowan
  8939 | D:7      | Noticed Duvessa
  8956 | D:7      | Killed Duvessa
  8968 | D:7      | Killed Dowan
  9220 | D:7      | Reached * piety under Trog
  9226 | D:7      | Found a runed translucent gate.
  9226 | D:7      | Found a runed translucent gate.
  9226 | D:7      | Found a runed translucent gate.
  9304 | D:7      | Found an ancient bone altar of Kikubaaqudgha.
  9359 | D:7      | Noticed terminal's ghost (novice OpAs)
  9550 | D:8      | Noticed Prince Ribbit
  9790 | D:8      | Found a sparkling altar of Nemelex Xobeh.
 10256 | D:8      | Found a shattered altar of Ashenzari.
 10357 | D:8      | Reached skill level 15 in Axes
 10357 | D:8      | Reached XP level 11. HP: 72/72 MP: 11/11
 10654 | D:8      | Found an opulent altar of Gozag.
 10700 | D:8      | Noticed Gastronok
 10741 | D:8      | Killed Gastronok
 10741 | D:8      | Reached skill level 16 in Axes
 10843 | D:8      | Killed Prince Ribbit
 10990 | D:8      | Noticed Joseph
 11010 | D:8      | Killed Joseph
 11010 | D:8      | Reached skill level 1 in Armour
 11010 | D:8      | Reached skill level 1 in Evocations
 11162 | D:8      | Found a basalt altar of Yredelemnul.
 11554 | D:9      | Reached ** piety under Trog
 12748 | D:10     | Entered Level 10 of the Dungeon
 12937 | D:10     | Noticed a two-headed ogre
 12965 | D:10     | Killed a two-headed ogre
 13337 | D:10     | Noticed Grum
 13353 | D:10     | Killed Grum
 13563 | D:10     | Reached XP level 12. HP: 77/84 MP: 14/14
 13567 | D:10     | Noticed Psyche
 13611 | D:9      | Reached *** piety under Trog
 14060 | D:10     | Found Daejotu's Weapon Boutique.
 14144 | D:10     | Identified the cursed +0 pair of gloves of Minor Irritation
                  | {rC+ Regen+ Str-3} (You found it on level 10 of the
                  | Dungeon)
 14210 | D:10     | Found a shattered altar of Ashenzari.
 14255 | D:10     | Found a staircase to the Lair.
 14433 | D:10     | Killed Psyche
 14741 | D:10     | Found Qytotsel's Distillery.
 14885 | D:11     | Noticed a two-headed ogre
 14973 | D:11     | Reached skill level 5 in Fighting
 15217 | D:11     | Killed a two-headed ogre
 15537 | D:11     | Found a blossoming altar of Fedhas.
 15608 | D:11     | Reached skill level 5 in Armour
 15608 | D:11     | Reached skill level 5 in Evocations
 16137 | D:11     | You fall into a shaft and drop 1 floor!
 16220 | D:12     | Reached **** piety under Trog
 16598 | D:12     | Found a staircase to the Orcish Mines.
 17312 | D:12     | Noticed a two-headed ogre
 17642 | D:12     | Found a runed translucent gate.
 17642 | D:12     | Found a runed translucent gate.
 17642 | D:12     | Found a runed translucent gate.
 17642 | D:12     | Noticed a cyan very ugly thing
 17643 | D:12     | Noticed a glowing orange brain
 17643 | D:12     | Noticed a glowing orange brain
 17911 | D:12     | Noticed Nessos
 17927 | D:12     | HP: 3/91 [poisoned by Nessos]
 17927 | D:12     | Killed Nessos
 18158 | D:12     | Killed a two-headed ogre
 18158 | D:12     | Reached XP level 13. HP: 92/98 MP: 16/16
 18672 | D:13     | Noticed a centaur warrior
 18692 | D:13     | Killed a centaur warrior
 18836 | D:13     | Identified the +6 war axe of Asynuto {pain, +Fly} (You
                  | found it on level 13 of the Dungeon)
 19224 | D:13     | Noticed a centaur warrior
 19244 | D:13     | Killed a centaur warrior
 20279 | D:14     | Noticed Azrael
 20294 | D:14     | Killed Azrael
 20324 | D:14     | Noticed a rakshasa
 21088 | Lair:1   | Entered Level 1 of the Lair of Beasts
 21118 | Lair:1   | Reached ***** piety under Trog
 21367 | Lair:1   | Reached skill level 10 in Fighting
 22237 | Lair:1   | Reached skill level 10 in Armour
 22769 | Lair:2   | Found a staircase to the Swamp.
 22969 | Lair:2   | Noticed a seven-headed hydra
 22976 | Lair:2   | Killed a seven-headed hydra
 23212 | Lair:2   | Noticed a seven-headed hydra
 23220 | Lair:2   | Killed a seven-headed hydra
 23220 | Lair:2   | Reached XP level 14. HP: 111/111 MP: 17/17
 23327 | Lair:2   | Found a hole to the Spider Nest.
 23636 | Lair:3   | Found a dark tunnel.
 23650 | Volcano  | Entered a volcano
 23923 | Volcano  | Found a radiant altar of Vehumet.
 23951 | Volcano  | Received a gift from Trog
 24113 | Volcano  | Identified a +0 pair of boots of running (You found it in a
                  | volcano)
 26255 | Lair:5   | Found a staircase to the Slime Pits.
 26255 | Lair:5   | Found a viscous altar of Jiyva.
 26274 | Lair:5   | Identified the +2 chain mail of the Serpent {rElec} (You
                  | found it on level 5 of the Lair of Beasts)
 26395 | Lair:6   | Entered Level 6 of the Lair of Beasts
 26546 | Lair:6   | Noticed a dire elephant
 26567 | Lair:6   | Killed a dire elephant
 27017 | Lair:5   | Reached XP level 15. HP: 122/122 MP: 18/18
 27371 | Lair:6   | Received a gift from Trog
 27418 | Lair:6   | Identified a scroll of acquirement
 27659 | Lair:6   | Found a burning altar of Makhleb.
 27847 | Lair:6   | Found a gateway to Hell.
 27858 | Lair:6   | Identified the +9 hand axe "Xuzecaph" {drain, MR+ Str+3
                  | Dex+3 SInv} (You found it on level 6 of the Lair of Beasts)
 28402 | Orc:1    | Entered Level 1 of the Orcish Mines
 28517 | Orc:1    | Received a gift from Trog
 28532 | Orc:1    | Found Nurr's Mass Market.
 28635 | Orc:2    | Entered Level 2 of the Orcish Mines
 29487 | Orc:2    | Found a staircase to the Elven Halls.
 29907 | Orc:2    | Found Nalea's Antique Armour Shop.
 30270 | Orc:2    | Reached ****** piety under Trog
 30412 | Orc:2    | Received a gift from Trog
 30423 | Orc:2    | Found Elawko's Food Emporium.
 30423 | Orc:2    | Found Xosabim's Assorted Antiques.
 30425 | Orc:2    | Found Zeok's Magic Scroll Shop.
 30425 | Orc:2    | Found Roalen's Gadget Emporium.
 30792 | D:14     | Found the -2 hat of the Alchemist {rElec rPois rF+ rC+ rN+
                  | MR+ rMut rCorr}
 31356 | D:14     | Reached XP level 16. HP: 124/133 MP: 19/19
 31385 | D:14     | Noticed Frances
 31399 | D:14     | Killed Frances
 31578 | D:14     | Identified the Grimoire of Ashen Curses
 31889 | D:15     | Entered Level 15 of the Dungeon
 32025 | D:15     | Reached skill level 17 in Axes
 32082 | D:15     | Found a staircase to the Depths.
 32200 | D:15     | Received a gift from Trog
 32253 | D:15     | Found the +3 hat of Pondering {ponderous, MR+ MP+10 Int+5}
 32265 | D:15     | Identified Waakk's Reference Book on the Nocuous Voyage
 32388 | D:15     | Found a roughly hewn altar of Beogh.
 32554 | D:15     | Found a bloodstained altar of Trog.
 32610 | D:15     | Found a portal to a secret trove of treasure.
 33097 | Swamp:1  | Entered Level 1 of the Swamp
 33848 | Swamp:1  | Identified the cursed +0 spear of Inflation {freeze, Dex+3}
                  | (You found it on level 1 of the Swamp)
 34920 | Swamp:2  | Reached skill level 15 in Fighting
 35177 | Swamp:2  | Found a hazy altar of Hepliaklqana.
 35572 | Swamp:3  | Received a gift from Trog
 35821 | Swamp:3  | Reached skill level 15 in Armour
 35945 | Swamp:3  | Noticed a thorn hunter
 35952 | Swamp:3  | Killed a thorn hunter
 35958 | Swamp:3  | Reached XP level 17. HP: 38/142 MP: 20/20
 35985 | Swamp:3  | Noticed Mara
 35993 | Swamp:3  | Killed Mara
 36441 | Swamp:3  | Found a runed translucent door.
 37130 | Swamp:3  | Identified the +6 dagger "Dewais" {drain, rElec Int+4}
 37145 | Swamp:3  | Reached skill level 18 in Axes
 37574 | Swamp:4  | Entered Level 4 of the Swamp
 39785 | Swamp:4  | Noticed the 27-headed Lernaean hydra
 39791 | Swamp:4  | Killed the 27-headed Lernaean hydra
 39999 | Swamp:4  | Got a decaying rune of Zot
 40086 | Swamp:4  | Identified the +2 halberd of the Realm of Zot {drain, rF+}
                  | (You found it on level 4 of the Swamp)
 40281 | Spider:1 | Entered Level 1 of the Spider Nest
 40774 | Spider:1 | Reached XP level 18. HP: 100/153 MP: 21/21
 41445 | Spider:1 | Received a gift from Trog
 41520 | Spider:1 | Upgraded the game from 0.24-a0-778-g74da537585 to
                  | 0.24-a0-779-g36f0aeb843
 41947 | Spider:2 | Noticed Arachne
 41978 | Spider:1 | Killed Arachne
 42245 | Spider:2 | Received a gift from Trog
 42385 | Spider:2 | Noticed Jorgrun
 42395 | Spider:2 | Killed Jorgrun
 42796 | Spider:2 | Received a gift from Trog
 43926 | Spider:3 | Found a runed translucent door.
 44699 | Spider:3 | Identified the cursed +1 chain mail of Evolution {Regen+}
                  | (You found it on level 3 of the Spider Nest)
 44750 | Spider:4 | Entered Level 4 of the Spider Nest
 45002 | Spider:4 | Noticed Bai Suzhen
 45040 | Spider:3 | Killed Bai Suzhen
 45040 | Spider:3 | Reached XP level 19. HP: 163/163 MP: 1/22
 45663 | Spider:4 | Received a gift from Trog
 47262 | Spider:4 | Got a gossamer rune of Zot
 47615 | Elf:1    | Entered Level 1 of the Elven Halls
 47752 | Elf:1    | Received a gift from Trog
 47894 | Elf:1    | Identified the Disquisition on Companions
 49169 | Elf:2    | Identified Roxanne's Handbook of Changing
 49169 | Elf:2    | Noticed Roxanne
 49271 | Elf:2    | Found a runed translucent gate.
 49272 | Elf:2    | Found a runed translucent gate.
 49272 | Elf:2    | Found a runed translucent gate.
 49449 | Elf:2    | Received a gift from Trog
 49449 | Elf:2    | Reached skill level 19 in Axes
 49705 | Elf:2    | Reached XP level 20. HP: 145/172 MP: 7/23
 50727 | D:14     | Found a gate to the Vaults.
 50739 | D:14     | Received a gift from Trog
 50790 | Vaults:1 | Entered Level 1 of the Vaults
 51406 | Vaults:1 | Received a gift from Trog
 51591 | Vaults:1 | Received a gift from Trog
 51604 | Vaults:1 | Reached skill level 20 in Axes
 52301 | Vaults:1 | Noticed Asterion
 52311 | Vaults:1 | Killed Asterion
 52311 | Vaults:1 | Reached XP level 21. HP: 170/180 MP: 24/24
 52546 | Vaults:2 | Received a gift from Trog
 52842 | Vaults:2 | Upgraded the game from 0.24-a0-779-g36f0aeb843 to
                  | 0.24-a0-784-g601f8f6d22
 52948 | Vaults:2 | Found a magical portal.
 53033 | Vaults:2 | Received a gift from Trog
 53068 | Vaults:2 | Identified the +5 battleaxe of Ancient Evil {protect,
                  | *Corrode rElec rC+++ Int+3} (Trog gifted it to you on level
                  | 2 of the Vaults)
 54654 | Vaults:3 | Received a gift from Trog
 55601 | Vaults:3 | Reached XP level 22. HP: 192/192 MP: 25/25
 55632 | Vaults:3 | Received a gift from Trog
 55877 | Vaults:3 | Found a staircase to the Crypt.
 56723 | Vaults:4 | Received a gift from Trog
 57264 | Vaults:4 | Identified the cursed +0 leather armour of Tyhul {*Contam
                  | rElec rPois rN+++}
 57887 | Vaults:4 | Reached skill level 5 in Dodging
 58061 | Vaults:4 | Received a gift from Trog
 58085 | Vaults:4 | Reached XP level 23. HP: 94/203 MP: 26/26
 58389 | Vaults:4 | Found a roughly hewn altar of Beogh.
 58922 | D:7      | Killed terminal's ghost
 59123 | D:12     | Found a runed translucent gate.
 59123 | D:12     | Found a runed translucent gate.
 59132 | D:12     | Found a runed translucent gate.
 59135 | D:12     | Noticed Daenkoptet's ghost (journeyman MfSu)
 59247 | Depths:1 | Entered Level 1 of the Depths
 59767 | Depths:1 | Received a gift from Trog
 60094 | Depths:1 | Identified the +3 eveningstar of Maxecab {drain, Int+4
                  | Dex-4} (You found it on level 1 of the Depths)
 60138 | Depths:1 | Reached skill level 10 in Dodging
 60704 | Depths:1 | Found Fadghiph's Book Emporium.
 61170 | Depths:2 | Found a gateway to a ziggurat.
 61205 | Depths:2 | Found a stormy altar of Qazlal.
 61210 | Depths:2 | Noticed Aizul
 61232 | Depths:2 | Killed Aizul
 62265 | Depths:2 | Found a shimmering blue altar of Sif Muna.
 62392 | Depths:2 | Got a brightly glowing brass ring
 62395 | Depths:2 | Identified the ring of Sitedaz {rN+++ MP+9 Str+7 Dex-3
                  | Stlth-} (You found it on level 2 of the Depths)
 62701 | Depths:2 | Identified the +1 chain mail of an ossuary {rC+ Str-5
                  | Int+3} (You found it on level 2 of the Depths)
 62970 | Depths:3 | Received a gift from Trog
 63163 | Depths:3 | Reached XP level 24. HP: 210/210 MP: 26/26
 63347 | Depths:3 | Noticed a golden dragon
 63356 | Depths:3 | Killed a golden dragon
 63385 | Depths:3 | Reached skill level 15 in Dodging
 63795 | Depths:3 | Found a burning altar of Makhleb.
 63864 | Depths:3 | Received a gift from Trog
 63871 | Depths:3 | Identified the +5 executioner's axe of Reavveq {drain, +Fly
                  | rC+ MR+ Dex-2} (Trog gifted it to you on level 3 of the
                  | Depths)
 64044 | Depths:3 | Found a burning altar of Makhleb.
 64045 | Depths:3 | Found the cursed +14 obsidian axe {chop, +Fly SInv *Curse}
 64608 | Depths:3 | Found Onora's Magic Scroll Emporium.
 64616 | Depths:3 | Bought a scroll of summoning for 133 gold pieces
 64616 | Depths:3 | Bought a scroll of summoning for 133 gold pieces
 64616 | Depths:3 | Bought a scroll of enchant weapon for 105 gold pieces
 64616 | Depths:3 | Bought a scroll of enchant armour for 105 gold pieces
 64616 | Depths:3 | Bought a scroll of fear for 49 gold pieces
 64616 | Depths:3 | Bought a scroll of teleportation for 42 gold pieces
 64616 | Depths:3 | Bought a scroll of fear for 49 gold pieces
 65317 | Depths:3 | Found a one-way gate leading to the halls of Pandemonium.
 65619 | Depths:4 | Noticed a juggernaut
 65625 | Depths:4 | Noticed a juggernaut
 65643 | Depths:4 | Killed a juggernaut
 65653 | Depths:4 | Killed a juggernaut
 65868 | Depths:4 | Received a gift from Trog
 65894 | Depths:4 | Reached XP level 25. HP: 129/214 MP: 26/26
 66148 | Depths:4 | Found Ickyn's Food Boutique.
 67012 | Depths:4 | Received a gift from Trog
 67275 | Depths:4 | Found a one-way gate to the infinite horrors of the Abyss.
 67328 | Depths:4 | Gained mutation: Your magical capacity is low. (-10% MP) [a
                  | shining eye]
 67759 | Depths:5 | Entered Level 5 of the Depths
 68188 | Depths:5 | Received a gift from Trog
 68871 | Depths:5 | Identified the +1 scale mail of the Wild Haggis {+Blink
                  | rCorr} (You found it on level 5 of the Depths)
 68920 | Depths:5 | Reached XP level 26. HP: 196/221 MP: 24/25
 69816 | Depths:5 | Reached skill level 10 in Evocations
 70274 | Depths:5 | Found a gate to the Realm of Zot.
 70615 | Elf:2    | Killed Roxanne
 70666 | Elf:2    | Received a gift from Trog
 71241 | Elf:3    | Entered Level 3 of the Elven Halls
 71433 | Elf:3    | Received a gift from Trog
 71537 | Elf:3    | Reached skill level 21 in Axes
 72350 | Elf:3    | Received a gift from Trog
 72716 | Elf:3    | Identified the +3 leather armour of Going Fast {MR+ Int+6}
 72731 | Elf:3    | Reached XP level 27. HP: 217/228 MP: 27/27
 72735 | Elf:3    | Identified the +9 glaive "Qonlyefi" {chop, *Slow +Rage +Fly
                  | rF-}
 72742 | Elf:3    | Identified the +10 scale mail "Gowkenao" {rCorr}
 73270 | Elf:3    | Reached skill level 22 in Axes
 73276 | Elf:3    | Identified the +3 demon trident of Autumn {elec, *Drain rC+
                  | rN++ Str+3}
 73694 | Elf:3    | Identified the Guide on Shifting Execration
 73707 | Elf:3    | Identified the +4 cloak of Cumaow {rF++} (You found it on
                  | level 3 of the Elven Halls)
 74144 | Slime:1  | Entered Level 1 of the Pits of Slime
 74152 | Slime:1  | Received a gift from Trog
 74339 | Slime:4  | Received a gift from Trog
 74347 | Slime:5  | Entered Level 5 of the Pits of Slime
 75044 | Slime:5  | Noticed the Royal Jelly
 75055 | Slime:5  | Reached skill level 23 in Axes
 75068 | Slime:5  | Killed the Royal Jelly
 75069 | Slime:5  | HP: 8/228 [acid[the Royal Jelly] (6)]
 75636 | Slime:5  | Identified Sirount's Handbook of Envenoming and the Birds
 75658 | Slime:5  | Identified the ring "Veqacrom" {Wiz rF+} (You found it on
                  | level 5 of the Pits of Slime)
 75665 | Slime:5  | Got a slimy rune of Zot
 75698 | Slime:5  | Identified the cursed +1 plate armour of Dishonour {rF+ rC-
                  | rCorr} (You found it on level 5 of the Pits of Slime)
 76106 | Vaults:5 | Entered Level 5 of the Vaults
 76118 | Vaults:5 | Received a gift from Trog
 76150 | Vaults:5 | Noticed Sojobo
 76157 | Vaults:5 | Reached skill level 24 in Axes
 76523 | Vaults:5 | Noticed an ancient lich
 76523 | Vaults:5 | Noticed an ancient lich
 76552 | Vaults:4 | Killed an ancient lich
 76644 | Vaults:4 | Received a gift from Trog
 76652 | Vaults:4 | Killed an ancient lich
 76778 | Vaults:4 | Killed Sojobo
 76778 | Vaults:4 | Reached skill level 25 in Axes
 76992 | Vaults:5 | Received a gift from Trog
 77727 | Vaults:5 | Received a gift from Trog
 77774 | Vaults:5 | Identified the cursed +1 morningstar "Ruve" {freeze, +Blink
                  | +Fly Str+3 Int-3} (You found it on level 5 of the Vaults)
 78023 | Vaults:5 | Found Akijan Luru's Distillery.
 78029 | Vaults:5 | Bought a potion of curing for 48 gold pieces
 78029 | Vaults:5 | Bought 2 potions of haste for 320 gold pieces
 78029 | Vaults:5 | Bought a potion of curing for 48 gold pieces
 78029 | Vaults:5 | Bought a potion of curing for 48 gold pieces
 78029 | Vaults:5 | Bought a potion of curing for 48 gold pieces
 78029 | Vaults:5 | Bought a potion of might for 64 gold pieces
 78085 | Vaults:5 | Reached skill level 26 in Axes
 78113 | Vaults:5 | Received a gift from Trog
 78138 | Vaults:5 | Got a silver rune of Zot
 78306 | Vaults:5 | Found Ywniky's Weapon Shop.
 78987 | D:10     | Bought a potion of heal wounds for 65 gold pieces
 78987 | D:10     | Bought a potion of heal wounds for 65 gold pieces
 78987 | D:10     | Bought a potion of curing for 39 gold pieces
 78987 | D:10     | Bought a potion of curing for 39 gold pieces
 79530 | D:15     | You paid a toll of 17 potions of curing to enter a treasure
                  | trove
 79531 | Trove    | Entered a treasure trove
 79539 | Trove    | Got a transparent helmet
 79545 | Trove    | Got a warped iron amulet
 79553 | Trove    | Got a pair of warped gloves
 79584 | D:15     | Identified the +0 helmet of Yesterday {Stlth+} (You found
                  | it in a treasure trove)
 79585 | D:15     | Identified the -4 pair of gloves of Giarer {-Tele Str+4
                  | Dex+5} (You found it in a treasure trove)
 79586 | D:15     | Identified the amulet "Kippug" {Acrobat Int+7} (You found
                  | it in a treasure trove)
 79945 | Zot:1    | Entered Level 1 of the Realm of Zot
 80576 | Zot:1    | Identified the +8 spear of Conflict {holy, +Inv Str+4
                  | Int+2}
 80856 | Zot:2    | HP: 17/346 [golden dragon (8)]
 80857 | Zot:2    | Demolished by a golden dragon

Levels and vault maps discovered:
D:1:      minmay_arrival_doors, layout_loops_ring
D:2:      layout_basic, first_ration, uniq_jessica
D:3:      layout_loops_corners, xom_teletrap_fun, kennysheep_slug_shrine
D:4:      layout_rooms, vehumet_statue, tgw_sif, minmay_distorted, uniq_ijyb,
          uniq_edmund, uniq_crazy_yiuf_cottage
D:5:      layout_loops_ring, marbit_many_paths
D:6:      layout_basic, grunt_dithmenos_smoke,
          minmay_temple_entry_statues_fountains, sword_in_stone, uniq_pikel,
          uniq_blork_the_orc
D:7:      layout_loops_ring, kennysheep_mini, serial_shops,
          kennysheep_little_box, gammafunk_ghost_necromancy, uniq_menkaure,
          uniq_harold, uniq_duvessa
D:8:      layout_rooms, nemelex_altar_shiori, lemuel_zombie_altar_yredelemnul,
          lemuel_crystal_altar, kennysheep_mini_moat, serial_corexii_hall,
          corexii_hall_statues_i, corexii_hall_statues_t,
          corexii_hall_statues_i, chequers_hall_statues_corner_a,
          chequers_hall_statues_y, chequers_hall_statues_corner_a,
          grunt_livestock, uniq_prince_ribbit1, uniq_gastronok, uniq_joseph
D:9:      statuecave_lemuel, layout_basic
D:10:     layout_loops_ring, erik_lair_orcish_takeover, serial_shops, shop,
          nicolae_shop_temple_entry_statues_fountains, ashenzari_altar_1,
          uniq_psyche, uniq_grum
D:11:     layout_cave_pods, fedhas_altar_decomposition
D:12:     layout_gridville, erik_orc_4,
          ploomutoo_gammafunk_ghost_potion_laboratory,
          hangedman_decor_diamond_cutter, eino_curves_01, uniq_nessos
D:13:     layout_long_grid
D:14:     minmay_cut_squares, layout_stronghold, grunt_vaults_entry_tiered,
          chequers_serial_rivers_micro_b, kennysheep_generic_room_8,
          uniq_azrael, uniq_frances
D:15:     grunt_enter_depths_magical_seal, layout_cave_pools, enter_trove_3,
          bh_walls_and_bars, special_room [special_room_orc], basic_altar,
          minmay_lindwurm_lava
Temple:   nicolae_temple_no_exploring_needed
Lair:1:   layout_small_grid, minmay_holes, st_stairs_4,
          grunt_forest_stairs_basic, grunt_megastairs_2
Lair:2:   layout_roguey, swamp_mist, spider_nest_entry_funnel_web, pond,
          lemuel_fruit_tree
Lair:3:   layout_roguey, nicolae_volcano_entry_lava_flow, grunt_megastairs_4
Lair:4:   pond_and_an_island_with_a_cottage, layout_cave_pods,
          nicolae_quartered_pool_little
Lair:5:   layout_big_grid, slime_altar_1, lemuel_fruit_fields,
          infiniplex_staircase_pool
Lair:6:   evil_forest, layout_regular_city
Swamp:1:  layout_falls_marsh, evilmike_swamp_ruin_house_5, swamp_pool4
Swamp:2:  layout_falls_marsh, basic_altar
Swamp:3:  gammafunk_mikee_crab_dinner, layout_basic_swamp,
          evilmike_swamp_ruin_rubble_1, swamp_pool4,
          nicolae_swamp_dense_foliage, infiniplex_staircase_pool_2, uniq_mara
Swamp:4:  swamp_basic_johnstein, layout_basic_swamp
Spider:1: nicolae_spider_mines_1
Spider:2: layout_spider_delve, drop_trap, uniq_jorgrun, uniq_arachne
Spider:3: cheibrodos_spider_deadly_dance, special_room [special_room_bee]
Spider:4: spider_rune_water, uniq_bai_suzhen
Slime:1:  layout_caves
Slime:2:  layout_caves
Slime:3:  layout_caves
Slime:4:  layout_caves
Slime:5
Orc:1:    layout_caves, minmay_shop_mass
Orc:2:    grunt_orc_tribal_feast, layout_caves, serial_shops, shop_fountains
Elf:1:    elf_arrival_001, layout_geoelf_diagonals, minmay_elf_demonology
Elf:2:    layout_geoelf_diagonals, uniq_roxanne
Elf:3:    minmay_elf_hall_curves, layout_geoelf_castle
Vaults:1: ontoclasm_vaults_ligature, nicolae_vaults_back_hallway,
          nicolae_vaults_stairing_the_circle, v_misc_28,
          hangedman_vaults_restitches, vaults_room_guarded_vault, v_misc_24,
          vaults_room_hallway, layout_vaults_big_room, serial_glass,
          uniq_asterion
Vaults:2: hangedman_vaults_capsules, v_misc_3, st_spiral_rooms, v_misc_14,
          v_misc_16, v_pattern_2, v_misc_9, v_misc_9, vaults_room_corners,
          vaults_dpeg_encased_lava, layout_vaults_maze_snakey, mu_enter_wizlab_1
Vaults:3: v_misc_10, minmay_crypt_entry_simple_statues, vaults_room_fours,
          grunt_vaults_trifunnel, v_misc_1, vaults_room_octagon,
          nicolae_vaults_little_squares_1, st_lattice, v_misc_13,
          vaults_dpeg_hooks, layout_vaults_omnibox
Vaults:4: ontoclasm_vaults_gateway, special_room_vaults [special_room_orc],
          v_rooms_2, nicolae_vaults_little_squares_4, v_misc_15,
          vaults_standard_mumra_lines, grunt_vaults_twisty, v_alt_pattern_3,
          nicolae_vaults_ninety_degrees, nicolae_vaults_border_crossing,
          hangedman_vaults_stretched_pinwheel, vaults_room_stairs_pillars,
          vaults_room_pools, nicolae_vaults_bisected_slash, v_pattern_3,
          layout_vaults_ring
Vaults:5: uniq_sojobo
Depths:1: layout_gridville, minmay_crystal_room, serial_shops, shop, hell_entry,
          hangedman_abyss_or_decor_lesser_grid, eino_tiny_chamber,
          minmay_mirror_moons_of_madness, serial_bayou_shore_a
Depths:2: minmay_crystal_thing, layout_cave_pools, enter_ziggurat_d,
          old_standard_altar, serial_rivers, chequers_serial_rivers_small_3,
          chequers_serial_rivers_small_b, chequers_serial_rivers_micro_b,
          chequers_serial_rivers_small_a, hell_entry, uniq_aizul
Depths:3: minmay_ornate_pinched, layout_cave_shapes, serial_shops, shop,
          rand_demon_pan_entry_9, hell_entry, chequers_serial_rivers_small_3,
          nrook_loot_triangle, grunt_guarded_unrand_obsidian_axe
Depths:4: grunt_crosshair, layout_cave_shapes, serial_shops, shop,
          serial_bayou_pond_a, pf_dread_powers_of_hell, abyss_entry,
          kennysheep_cross_bottleneck, minmay_misc_feat_four_crosses,
          infiniplex_staircase_zigzag_3
Depths:5: grunt_runaround [grunt_runaround_doors_1, grunt_runaround_doors_2,
          grunt_runaround_doors_3, grunt_runaround_doors_4,
          grunt_runaround_zot], hell_entry
Zot:1:    layout_basic
Zot:2:    layout_onion_interference, grunt_megastairs_3

Skill      XL: |  1  2  3  4  5  6  7  8  9 10 11 12 13 14 15 16 17 18 19 20 21 22 23 24 25 26 27 |
---------------+----------------------------------------------------------------------------------+-----
Axes           | 4 5 6 7 8 10 12 15 16 17 18 19 20 21 26 | 26.9
Armour         | 3 7 10 12 13 15 16 17 18 19 20 | 20.4
Evocations     | 3 5 6 10 | 10.0
Fighting       | 4 8 10 12 14 15 16 17 18 19 20 22 | 22.0
Dodging        | 6 13 17 20 | 20.0
Throwing       | |  2.0

Action                   |  1- 3 |  4- 6 |  7- 9 | 10-12 | 13-15 | 16-18 | 19-21 | 22-24 | 25-27 || total
-------------------------+-------+-------+-------+-------+-------+-------+-------+-------+-------++-------
Melee: War axe           |   102 |   127 |   323 |   520 |       |       |       |       |       ||  1072
       Dire flail        |       |       |       |   217 |       |       |       |       |       ||   217
       Battleaxe         |       |       |       |   156 |  1020 |  1113 |  1440 |  1556 |  1787 ||  7072
       Scimitar          |       |       |       |       |    30 |   105 |       |       |       ||   135
       Executioner's axe |       |       |       |       |       |       |       |       |   130 ||   130
Throw: Throwing net      |       |     1 |       |     2 |       |     1 |       |       |     1 ||     5
       Dart              |       |     5 |    27 |    24 |     1 |    46 |    23 |       |       ||   126
Invok: Berserk           |       |       |       |     8 |    14 |    19 |     5 |     5 |     9 ||    60
       Trog's Hand       |       |       |       |     1 |     2 |     1 |     1 |     2 |     1 ||     8
       Brothers in Arms  |       |       |       |     1 |       |     7 |     3 |     1 |       ||    12
Evoke: Wand              |       |       |     2 |     6 |     8 |     3 |     1 |       |     5 ||    25
  Use: Scroll            |       |     3 |     7 |    15 |    18 |    14 |    10 |     5 |    35 ||   107
       Potion            |       |       |     2 |     4 |     1 |     3 |     2 |     1 |     5 ||    18
 Stab: Sleeping          |       |     1 |       |       |       |       |       |       |       ||     1
       Held in net/web   |       |       |       |     2 |       |     1 |       |       |       ||     3
       Distracted        |       |       |       |       |       |       |     1 |     1 |     3 ||     5
       Invisible         |       |       |       |       |       |       |       |       |     1 ||     1
  Eat: Chunk             |       |     6 |    13 |    37 |    42 |    38 |    31 |    21 |    40 ||   228
       Ration            |       |       |       |     4 |     5 |     7 |     3 |     6 |     4 ||    29
Armor: Leather armour    |    40 |     6 |       |       |       |       |       |       |       ||    46
       Chain mail        |       |    54 |   175 |   307 |     9 |       |       |       |       ||   545
       Plate armour      |       |       |       |       |   710 |  1362 |   805 |   700 |   898 ||  4475
       Pearl dragon scal |       |       |       |       |       |       |       |       |    87 ||    87
Dodge: Dodged            |    90 |    57 |   148 |   224 |   371 |   679 |   436 |   675 |  1488 ||  4168
Block: Other             |       |       |       |    32 |    86 |       |       |       |       ||   118
       Reflection        |       |       |       |     3 |     6 |       |       |       |       ||     9
       Rpst.: Scimitar   |       |       |       |       |     5 |    14 |       |       |       ||    19

Table legend:
 A = Non-vault XP
 B = Vault XP
 C = Vault XP percentage of total XP
 D = Non-vault monster count
 E = Vault monster count
 F = Vault count percentage of total count
                 A         B        C        D         E       F
            +---------+---------+-------+---------+---------+-------
      Total |  633517 |  752015 |  54.3 |    1408 |     922 |  39.6
            +---------+---------+-------+---------+---------+-------
        D:1 |      37 |       0 |   0.0 |      19 |       0 |   0.0
        D:2 |      62 |      37 |  37.4 |      19 |       1 |   5.0
        D:3 |     134 |     182 |  57.6 |      31 |       2 |   6.1
        D:4 |    1170 |      81 |   6.5 |      22 |       3 |  12.0
        D:5 |     283 |     708 |  71.4 |      12 |       2 |  14.3
        D:6 |    1056 |    1407 |  57.1 |      19 |       5 |  20.8
        D:7 |     744 |    1199 |  61.7 |      23 |       7 |  23.3
        D:8 |    1381 |    3798 |  73.3 |      12 |      10 |  45.5
        D:9 |    1911 |     161 |   7.8 |      39 |       1 |   2.5
       D:10 |    2139 |    1391 |  39.4 |      28 |      12 |  30.0
       D:11 |    2137 |    1231 |  36.5 |      11 |       7 |  38.9
       D:12 |    5212 |    7927 |  60.3 |      30 |      26 |  46.4
       D:13 |    4746 |       0 |   0.0 |      15 |       0 |   0.0
       D:14 |    8947 |   19682 |  68.7 |      24 |      42 |  63.6
       D:15 |    4547 |    9868 |  68.5 |      16 |      34 |  68.0
     Lair:1 |    3733 |     323 |   8.0 |      18 |       3 |  14.3
     Lair:2 |   10622 |    1641 |  13.4 |      33 |       9 |  21.4
     Lair:3 |    1044 |       0 |   0.0 |       6 |       0 |   0.0
     Lair:4 |    5035 |     904 |  15.2 |      19 |       5 |  20.8
     Lair:5 |    6188 |     868 |  12.3 |      30 |       1 |   3.2
     Lair:6 |    5145 |   10670 |  67.5 |      13 |      25 |  65.8
    Swamp:1 |    7467 |       0 |   0.0 |      18 |       0 |   0.0
    Swamp:2 |    9020 |       0 |   0.0 |      30 |       0 |   0.0
    Swamp:3 |   15461 |   13202 |  46.1 |      47 |      13 |  21.7
    Swamp:4 |    6556 |   18888 |  74.2 |      14 |      26 |  65.0
   Spider:1 |    9315 |    5938 |  38.9 |      18 |       7 |  28.0
   Spider:2 |   14814 |    2895 |  16.3 |      40 |       1 |   2.4
   Spider:3 |   13633 |   16568 |  54.9 |      40 |      39 |  49.4
   Spider:4 |    8164 |   22713 |  73.6 |      16 |      42 |  72.4
    Slime:1 |    4638 |       0 |   0.0 |      12 |       0 |   0.0
    Slime:2 |    5488 |       0 |   0.0 |      12 |       0 |   0.0
    Slime:3 |    4671 |       0 |   0.0 |      11 |       0 |   0.0
    Slime:4 |    5879 |    1878 |  24.2 |       7 |       1 |  12.5
    Slime:5 |   25554 |   26711 |  51.1 |      38 |      12 |  24.0
      Orc:1 |    7396 |       0 |   0.0 |      67 |       0 |   0.0
      Orc:2 |     315 |    7504 |  96.0 |       8 |      30 |  78.9
      Elf:1 |   14184 |    6439 |  31.2 |      23 |      10 |  30.3
      Elf:2 |   23014 |   25665 |  52.7 |      37 |      31 |  45.6
      Elf:3 |   34529 |   38072 |  52.4 |      67 |      27 |  28.7
   Vaults:1 |   35002 |   27512 |  44.0 |      55 |      42 |  43.3
   Vaults:2 |   13693 |   17104 |  55.5 |      21 |      23 |  52.3
   Vaults:3 |   46874 |   30009 |  39.0 |      77 |      38 |  33.0
   Vaults:4 |   51568 |  115865 |  69.2 |      60 |     112 |  65.1
   Vaults:5 |   28896 |   68317 |  70.3 |      47 |      57 |  54.8
   Depths:1 |   48767 |    7404 |  13.2 |      58 |       7 |  10.8
   Depths:2 |   12595 |   14565 |  53.6 |      28 |      13 |  31.7
   Depths:3 |   52348 |   52256 |  50.0 |      66 |      58 |  46.8
   Depths:4 |   22109 |   49384 |  69.1 |      26 |      29 |  52.7
   Depths:5 |     426 |  115979 |  99.6 |       2 |      96 |  98.0
      Zot:1 |   44868 |       0 |   0.0 |      24 |       0 |   0.0
    Volcano |       0 |    5069 | 100.0 |       0 |      13 | 100.0
            +---------+---------+-------+---------+---------+-------
